 Dungeon Crawl Stone Soup version 0.21.1-1-g345015f (webtiles) character file.

995 Wander the Conjurer (level 8, 0/52 HPs)
             Began as a Human Wanderer on Apr 18, 2018.
             Slain by a gnoll (4 damage)
             ... on level 5 of the Dungeon.
             The game lasted 00:18:06 (6314 turns).

Wander the Conjurer (Human Wanderer)                Turns: 6314, Time: 00:18:07

Health: 0/52       AC:  4    Str: 14    XL:     8   Next: 42%
Magic:  11/15      EV: 11    Int: 16    God:
Gold:   252        SH:  0    Dex: 12    Spells: 12/16 levels left

rFire    . . .     SeeInvis .   x - +1 dagger (venom)
rCold    . . .     Gourm    +   (no shield)
rNeg     . . .     Faith    .   d - +0 robe
rPois    .         Spirit   .   r - +0 helmet
rElec    .         Reflect  .   (no cloak)
rCorr    .         Harm     .   (no gloves)
MR       .....                  g - +0 pair of boots
Stlth    ++........             v - amulet of the gourmand
HPRegen  0.17/turn              n - +2 ring of strength
MPRegen  0.14/turn              (no ring)

@: sluggish, very slow
A: no striking features
a: no special abilities


You were on level 5 of the Dungeon.
You were completely stuffed.

You visited 1 branch of the dungeon, and saw 5 of its levels.

You collected 252 gold pieces.

Inventory:

Hand Weapons
 e - a +0 club
 q - a +1 dagger of speed
 x - a +1 dagger of venom (weapon)
 y - a +0 quarterstaff of protection
 A - a +1 whip of venom
Armour
 d - a +0 robe (worn)
 g - a +0 pair of boots (worn)
 r - a +0 helmet (worn)
Jewellery
 n - a +2 ring of strength (left hand)
 v - an amulet of the gourmand (around neck)
Wands
 w - a wand of random effects (17)
Scrolls
 c - a scroll of remove curse {unknown}
 h - 3 scrolls of identify
 k - a scroll of fear {unknown}
 m - a scroll of blinking {unknown}
 o - a scroll of immolation {unknown}
 p - a scroll of enchant weapon {unknown}
 t - 2 scrolls of teleportation {unknown}
 u - 2 scrolls of amnesia {unknown}
Potions
 i - 6 potions of curing
 j - a potion of ambrosia
 l - a potion of agility
 s - a potion of invisibility {unknown}
 z - a potion of haste {unknown}
Books
 a - a book of Air

   Spells                             Type                      Level
   a - Shock                          Conjuration/Air              1
   b - Swiftness                      Charms/Air                   2
   c - Static Discharge               Conjuration/Air              3
   d - Airstrike                      Air                          4
   e - Lightning Bolt                 Conjuration/Air              5
 b - the Tome of Heat

   Spells                             Type                      Level
   a - Flame Tongue                   Conjuration/Fire             1
   b - Conjure Flame                  Conjuration/Fire             3
Comestibles
 f - 7 rations
 B - a chunk of flesh


   Skills:
 - Level 0.1 Short Blades
 - Level 1.0 Stealth
   Level 1.0 Shields
 + Level 4.9 Spellcasting
 - Level 6.7 Conjurations
 - Level 4.0 Charms
   Level 2.0 Transmutations
 - Level 2.0 Fire Magic
   Level 1.0 Ice Magic
 - Level 2.0 Air Magic


You had 12 spell levels left.
You knew the following spells:

 Your Spells              Type           Power        Failure   Level  Hunger
a - Flame Tongue          Conj/Fire      ###..        2%          1    None
b - Shock                 Conj/Air       ###.         2%          1    None
c - Swiftness             Chrm/Air       ##......     7%          2    ##.....


Dungeon Overview and Level Annotations

Branches:
Dungeon (5/15)
 Temple: D:4-7

Altars:
Qazlal
Sif Muna
Zin

Shops:
D:5 =

Annotations:
D:5 Squonk's ghost, novice BaIE


Message History

Confirm with . or Enter, or press ? or * to list all spells.
You feel quick.
Squonk's ghost hits you but does no damage.
Squonk's ghost gestures at you while chanting.
The puff of frost hits you!
* * * LOW HITPOINT WARNING * * *
Squonk's ghost points at you and mumbles some strange words.
The puff of frost hits you!
* * * LOW HITPOINT WARNING * * *
You start to feel a little slower. 2 gnolls come into view.
The gnoll shouts!
A gnoll sergeant comes into view. It is wielding a spear of venom.
You feel sluggish.
The gnoll sergeant shouts!
The gnoll hits you!
* * * LOW HITPOINT WARNING * * *
You start to feel a little faster.
The gnoll hits you.
You die...

.# ######.# #.# ... .# #....#.#
#.# #.# #.
#####....#.#######รท### #.# #.
.........#...........# #)# #.
######.###########)#.# #.# #.
.................#.#.#####.#####.
####>............................
# #.....................W.......
####.#.#########@#.#.#####.#####.
...#.#.# #g#.#.# ##.#...##
...#.#[# #.#.#.# #..W.....
...#.#.# #W#.#.# #...[.[..
.(...#.# #.....# #......?.
...###.# #g..### #........ ####
#.# #######...# #......). #.#
.gg.......# #......(. #### #.#
########### #........


You could see Squonk's ghost and 2 gnolls.

Vanquished Creatures
  A phantom (D:2)
  3 centaurs (D:5)
  A scorpion (D:4)
  A crimson imp (D:5)
  A bullfrog skeleton (D:4)
  A hound (D:4)
  4 iguanas
  6 orc wizards
  3 worker ants
  9 adders
  An adder zombie (D:5)
  3 adder skeletons (D:4)
  4 leopard geckos
  19 orcs
  A giant cockroach (D:1)
  5 goblins
  7 hobgoblins
  7 jackals
  2 quokkas (D:4)
  10 bats
  2 frilled lizards
  A jackal skeleton (D:5)
  6 kobolds
  4 rats
102 creatures vanquished.

Notes
Turn   | Place    | Note
-------+----------+-------------------------------------------
     0 | D:1      | Wander the Human Wanderer began the quest for the Orb.
     0 | D:1      | Wander set off with: a book of Air, the Tome of Heat, a potion of lignification, a +0 robe, a +0 club, a ration
     0 | D:1      | Reached XP level 1. HP: 13/13 MP: 5/5
     0 | D:1      | Identified the Tome of Heat
     2 | D:1      | Learned a level 1 spell: Flame Tongue
   238 | D:1      | Reached skill level 1 in Fire Magic
   291 | D:1      | Reached XP level 2. HP: 19/19 MP: 1/7
   755 | D:1      | Reached skill level 1 in Conjurations
   755 | D:1      | Reached XP level 3. HP: 24/24 MP: 6/8
  1103 | D:2      | Learned a level 1 spell: Shock
  1203 | D:2      | Reached skill level 2 in Conjurations
  1409 | D:2      | Reached XP level 4. HP: 29/30 MP: 7/10
  1567 | D:2      | Noticed a phantom
  1745 | D:3      | Reached XP level 5. HP: 5/35 MP: 0/11
  2199 | D:3      | Reached skill level 3 in Conjurations
  2237 | D:3      | Found a stormy altar of Qazlal.
  2926 | D:4      | Reached skill level 4 in Conjurations
  3006 | D:4      | Reached XP level 6. HP: 18/41 MP: 5/12
  3080 | D:4      | Reached skill level 5 in Conjurations
  3604 | D:4      | Reached XP level 7. HP: 44/46 MP: 7/13
  3608 | D:4      | Learned a level 2 spell: Swiftness
  4005 | D:4      | Found a deep blue altar of Sif Muna.
  4007 | D:4      | Found a glowing silver altar of Zin.
  4218 | D:2      | Reached skill level 6 in Conjurations
  4642 | D:5      | Entered Level 5 of the Dungeon
  4938 | D:5      | Reached skill level 1 in Charms
  5463 | D:5      | Reached XP level 8. HP: 48/52 MP: 8/14
  5465 | D:5      | Found Sise Ofenuq's Jewellery Emporium.
  6092 | D:5      | Noticed Squonk's ghost (novice BaIE)
  6314 | D:5      | Slain by a gnoll

Skill      XL: |  1  2  3  4  5  6  7  8 |
---------------+-------------------------+-----
Fire Magic     | 1 2 |  2.0
Conjurations   | 1 2 4 5 6 |  6.7
Air Magic      | 2 |  2.0
Charms         | 3 4 |  4.0
Short Blades   | |  0.1
Stealth        | |  1.0
Shields        | |  1.0
Spellcasting   | |  4.9
Transmutations | |  2.0
Ice Magic      | |  1.0

Action                   |  1- 3 |  4- 6 |  7- 9 || total
-------------------------+-------+-------+-------++-------
Melee: Club              |    12 |       |       ||    12
       Dagger            |       |    43 |    24 ||    67
       Whip              |       |       |    26 ||    26
       Quarterstaff      |       |       |     1 ||     1
 Cast: Flame Tongue      |    50 |   101 |    67 ||   218
       Shock             |    13 |    15 |    50 ||    78
       Swiftness         |       |       |     2 ||     2
  Use: Potion            |       |     1 |       ||     1
       Scroll            |       |     4 |       ||     4
 Stab: Sleeping          |       |     1 |       ||     1
  Eat: Chunk             |     1 |    18 |     8 ||    27
Armor: Robe              |    14 |     5 |    25 ||    44
       Skin              |       |    13 |       ||    13
Dodge: Dodged            |    37 |    33 |    44 ||   114
